 Dungeon Crawl Stone Soup version 0.16.2-12-gd0ad4c3 (webtiles) character file.

35045 faibistes the Thaumaturge (level 13, -13/72 HPs)
             Began as a Deep Elf Wizard on Jan 26, 2018.
             Was the Champion of Sif Muna.
             Killed from afar by a lindwurm (58 damage)
             ... with a blast of flame
             ... on level 7 of the Lair of Beasts.
             The game lasted 01:26:30 (29466 turns).

faibistes the Thaumaturge (Deep Elf Wizard)        Turns: 29466, Time: 01:26:31

Health: -13/72     AC:  8    Str:  6    XL:     13   Next: 45%
Magic:  21/45      EV: 17    Int: 32    God:    Sif Muna [******]
Gold:   249        SH:  0    Dex: 13    Spells: 11 memorised, 5 levels left

rFire  x . .     SeeInvis .     Q - staff of summoning
rCold  . . .     Clarity  .     y - +2 robe of Buezishe {+Fly rPois rF- MR++ Str-2}
rNeg   . . .     SustAb   .     (no shield)
rPois  +         Gourm    .     b - +0 hat
rElec  .         Spirit   .     R - +2 cloak
rCorr  .         Warding  +     f - +0 pair of gloves
rMut   .         Stasis   .     (no boots)
MR     +++..                    (no amulet)
Stlth  +.........               V - ring of Lyhaiz {+Inv MP+9 Int+3 Stlth-}
                                Z - +4 ring of strength

@: repel missiles, extremely resistant to hostile enchantments, very unstealthy
A: no striking features
a: Channel Energy, Forget Spell, Renounce Religion, Evoke Invisibility, Evoke
Flight


You were on level 7 of the Lair of Beasts.
You worshipped Sif Muna.
Sif Muna was exalted by your worship.
You were not hungry.

You visited 3 branches of the dungeon, and saw 20 of its levels.

You collected 1062 gold pieces.
You spent 813 gold pieces at shops.

Inventory:

Hand weapons
 w - a +4 dagger of draining
 W - a +0 trident of flaming
Missiles
 p - a stone (quivered)
Armour
 b - a +0 hat (worn)
 f - a +0 pair of gloves (worn)
 y - the +2 robe of Buezishe (worn) {+Fly rPois rF- MR++ Str-2}
   (You bought it in a shop on level 10 of the Dungeon)

   It affects your strength (-2).
   It makes you vulnerable to fire.
   It protects you from poison.
   It affects your resistance to hostile enchantments.
   It lets you fly.
 F - a +1 robe
 R - a +2 cloak (worn)
Magical staves
 Q - an uncursed staff of summoning (weapon)
Jewellery
 C - an uncursed ring of stealth
 V - the ring of Lyhaiz (right hand) {+Inv MP+9 Int+3 Stlth-}
   (You bought it in a shop on level 9 of the Dungeon)

   [ring of magical power]

   It affects your intelligence (+3).
   It affects your magic capacity (+9).
   It lets you turn invisible.
   It makes you less stealthy.
 Z - a +4 ring of strength (left hand)
Magical devices
 h - a wand of disintegration (14)
 D - a wand of paralysis (21)
 E - a wand of digging (14)
 G - a wand of fireball (5)
 H - a wand of slowing (24)
 L - a wand of fire (10)
 M - a wand of digging (7)
 O - a wand of enslavement (9)
 P - a wand of confusion (6)
 T - a wand of cold (0)
 U - a wand of cold (8)
Scrolls
 e - a scroll of fear
 g - 2 scrolls of holy word
 k - 5 scrolls of blinking
 l - 10 scrolls of remove curse
 n - a scroll of fog
 v - a scroll of recharging
 N - 4 scrolls of teleportation
 X - a scroll of immolation
Potions
 c - a potion of haste
 i - 2 potions of heal wounds
 j - 3 potions of might
 m - a potion of cancellation
 q - 6 potions of brilliance
 t - a potion of restore abilities
 u - 2 potions of magic
 z - 2 potions of agility
 A - a potion of curing
 I - 3 potions of flight
 K - 3 potions of berserk rage
 S - a potion of resistance {unknown}
Books
 B - Sif Muna's Guide on Protection
   (Sif Muna gifted it to you on level 6 of the Lair of Beasts)

   Spells                             Type                      Level
   a - Infusion                       Charms                       1
   b - Shroud of Golubria             Charms/Translocation         2
   c - Control Teleport               Charms/Translocation         4
   d - Iskenderun's Battlesphere      Conjuration/Charms           5
Miscellaneous
 x - a lamp of fire
 Y - a stone of tremors
Comestibles
 d - 17 bread rations
 o - 5 meat rations
 r - 12 slices of pizza
 s - 6 beef jerkies
 J - 5 chunks of flesh


   Skills:
 + Level 5.0 Fighting
 + Level 9.0 Dodging
 - Level 2.4 Stealth
 * Level 13.1 Spellcasting
 * Level 9.0 Conjurations
 - Level 7.0 Charms
 - Level 5.0 Summonings
 - Level 7.1 Translocations
 * Level 9.1 Fire Magic
 - Level 3.2 Ice Magic
 - Level 5.0 Air Magic
 - Level 4.1 Poison Magic
 * Level 8.8 Invocations
 + Level 6.3 Evocations


You had 5 spell levels left.
You knew the following spells:

 Your Spells              Type           Power        Failure   Level  Hunger
a - Magic Dart            Conj           ####         1%          1    None
b - Conjure Flame         Conj/Fire      ######..     1%          3    None
c - Summon Ice Beast      Ice/Summ       ######..     6%          4    None
d - Blink                 Tloc           N/A          1%          2    None
e - Mephitic Cloud        Conj/Pois/Air  ######..     1%          3    None
f - Repel Missiles        Chrm/Air       ######       1%          2    None
g - Summon Lightning Spi  Summ/Air       ######..     3%          4    None
h - Call Imp              Summ           ######..     1%          2    None
i - Iskenderun's Battles  Conj/Chrm      ######..     2%          5    None
j - Shroud of Golubria    Chrm/Tloc      ######....   1%          2    None
v - Venom Bolt            Conj/Pois      ######....   6%          5    None


Dungeon Overview and Level Annotations

Branches:
Dungeon (11/15)            Temple (1/1) D:5            Lair (8/8) D:10
  Swamp (0/5) Lair:5       Spider (0/5) Lair:5        Slime (0/6) Lair:8
    Orc (0/4) D:9

Altars:
Ashenzari
Cheibriados
Dithmenos
Elyvilon
Fedhas
Gozag
Kikubaaqudgha
Makhleb
Nemelex Xobeh
Okawaru
Qazlal
Ru
Sif Muna
Trog
Vehumet
Xom
Yredelemnul
Zin
The Shining One
Jiyva

Shops:
D:4 !   D:5 ?   D:9 =   D:10 [


Message History

The magic dart hits the lindwurm.
The lindwurm is almost dead.
The lindwurm barely misses you.
The lindwurm claws you but does no damage.
The lindwurm barely misses you.
Casting: Magic Dart
Confirm with . or Enter, or press ? or * to list all spells.
You blink.
Casting: Blink
Confirm with . or Enter, or press ? or * to list all spells.
Aiming: Magic Dart
Press: ? - help, Shift-Dir - straight line, f/p - lindwurm
Aim: a lindwurm (almost dead, poisoned)
The magic dart hits the lindwurm.
The lindwurm is almost dead.
The lindwurm looks more healthy.
The lindwurm breathes flames at you. The blast of flame hits you!
The fire burns you terribly!
Ouch! That really hurt!
You die...

.PP## ##P......#.#P...#
..P.#####..#.#.###....##
#...##.##.##..#..#....P#
#P....##...........#.PP### ### #
##....../............P.#.####.###
#..[.....................##...PP#
#.###....>#..................P.P#
#####.##...#..k...#..#..÷....(...
#......#........@#.#.#...#P..P..#
#....#.###...!.........###....#.#
PP...#...#......P.......####.###.
P...#..>.#.......P......## #.# ##
P..###÷..#.......PP.#....###.####
P.## ##..####...#......P.#PP..P##
...# #....#.#..#.##.##..FP......P
..#####....#....###..#..........P
#.#.###....#...#...8.+..#.#...#..


You could see a lindwurm.

Vanquished Creatures
  Rupert (Lair:3)
  5 hydras
  Pikel (D:6)
  4 griffons
  The ghost of faibistes the Thaumaturge, an experienced DEWz of Sif Muna (D:8)
  A cyclops (D:10)
  7 elephants
  5 komodo dragons
  A spiny frog (Lair:2)
  A two-headed ogre (D:7)
  A wyvern (D:8)
  5 blink frogs
  19 yaks
  A basilisk (Lair:5)
  A vampire mosquito (Lair:5)
  A human (D:7)
  A hog (D:7)
  4 wolves (Lair:4)
  7 hippogriffs
  A steam dragon (D:7)
  A hungry ghost (D:8)
  Menkaure (D:6)
  A mottled dragon (Lair:8)
  10 porcupines
  2 orc warriors (D:7)
  A wasp (D:7)
  A black bear (D:9)
  3 ice beasts
  5 phantoms
  3 sky beasts
  2 slaves (D:6)
  3 centaurs
  4 ogres
  2 big kobolds
  15 giant frogs
  8 crocodiles
  A water moccasin zombie (D:7)
  4 scorpions
  15 killer bees
  A quasit (D:10)
  4 crimson imps
  2 goliath beetles (D:7)
  An electric eel (D:8)
  14 hounds
  10 orc priests
  A giant frog skeleton (D:10)
  3 jellies
  6 worker ants
  9 iguanas
  9 orc wizards
  22 sheep
  2 worker ant zombies
  6 gnolls
  31 river rats
  15 adders
  3 shadow imps
  A white imp (D:7)
  9 worms
  An adder skeleton (D:7)
  2 giant geckos
  2 oozes
  56 orcs
  3 ball pythons
  22 bats
  A bat skeleton (D:4)
  2 giant cockroaches
  17 goblins
  7 hobgoblins
  17 jackals
  28 kobolds
  14 quokkas
  7 giant newts
  A goblin skeleton (D:7)
  5 goblin zombies (D:7)
  2 hobgoblin zombies (D:7)
  A kobold skeleton (D:7)
  A kobold zombie (D:7)
  An orc skeleton (D:7)
  17 rats
  2 fungi (D:10)
508 creatures vanquished.

Vanquished Creatures (collateral kills)
  Harold (Lair:3)
  2 hydras
  3 death yaks (Lair:4)
  A hill giant (D:10)
  A griffon (Lair:6)
  4 black mambas
  15 spiny frogs
  3 blink frogs (Lair:7)
  2 boulder beetles
  3 yaks (Lair:1)
  4 vampire mosquitoes
  2 hippogriffs (Lair:7)
  A wolf (Lair:4)
  3 porcupines
  2 necrophages (D:10)
  A lightning spire (Lair:2)
  9 water moccasins
  2 crocodiles
  A giant frog (Lair:2)
  4 killer bees
  A scorpion (Lair:5)
  2 hell rats (Lair:1)
  16 sheep
  2 adders
  28 river rats
  A giant mite (Lair:5)
  2 worms
  An ooze (Lair:7)
  2 giant cockroaches (Lair:5)
  A hobgoblin (D:4)
  3 jackals (D:4)
  A kobold (D:4)
  A quokka (Lair:6)
  A giant newt (D:4)
  A butterfly (Lair:2)
  A fungus (Lair:6)
128 creatures vanquished.

Vanquished Creatures (others)
  9 ice beasts
  4 lightning spires
  3 sheep (Lair:8)
  A shadow imp (D:5)
  A white imp (D:2)
  A bush (Lair:7)
  26 fungi
  14 plants
59 creatures vanquished.

Grand Total: 695 creatures vanquished

Notes
Turn   | Place    | Note
--------------------------------------------------------------
     0 | D:1      | faibistes, the Deep Elf Wizard, began the quest for the Orb.
     0 | D:1      | Reached XP level 1. HP: 10/10 MP: 6/6
   254 | D:1      | Reached XP level 2. HP: 15/15 MP: 7/10
   438 | D:1      | Learned a level 2 spell: Blink
   441 | D:1      | Learned a level 2 spell: Call Imp
   464 | D:1      | Reached skill level 5 in Spellcasting
   939 | D:2      | Reached XP level 3. HP: 19/19 MP: 5/14
   944 | D:2      | Learned a level 3 spell: Conjure Flame
   948 | D:2      | Learned a level 3 spell: Mephitic Cloud
  1283 | D:4      | Learned a level 2 spell: Repel Missiles
  1372 | D:2      | Reached XP level 4. HP: 24/24 MP: 15/17
  2741 | D:3      | Reached XP level 5. HP: 28/28 MP: 14/20
  2873 | D:4      | Reached skill level 6 in Spellcasting
  3406 | D:3      | Found a shimmering altar of Xom.
  3406 | D:3      | Found a shimmering altar of Xom.
  3407 | D:3      | Found a shimmering altar of Xom.
  3407 | D:3      | Found a shimmering altar of Xom.
  3414 | D:3      | Found a shimmering altar of Xom.
  3602 | D:5      | Entered Level 5 of the Dungeon
  3602 | D:5      | Found Paeg Ree's Magic Scroll Boutique.
  3905 | D:5      | Bought a scroll of blinking for 82 gold pieces
  3905 | D:5      | Bought a scroll of teleportation for 33 gold pieces
  3966 | D:6      | Reached XP level 6. HP: 22/32 MP: 9/22
  4295 | D:4      | Found Pret's Distillery.
  4302 | D:4      | Bought a potion of degeneration for 12 gold pieces
  4780 | D:5      | Noticed a phantom
  4848 | D:5      | Killed a phantom
  4848 | D:5      | Reached skill level 5 in Dodging
  4848 | D:5      | Reached skill level 7 in Spellcasting
  4967 | D:5      | Found a basalt altar of Yredelemnul.
  5220 | D:5      | Reached skill level 1 in Fighting
  5220 | D:5      | Reached XP level 7. HP: 27/38 MP: 17/25
  5353 | D:5      | Found a staircase to the Ecumenical Temple.
  5362 | Temple   | Entered the Ecumenical Temple
  5465 | Temple   | Became a worshipper of Sif Muna the Loreminder
  5608 | D:5      | Noticed a sky beast
  5631 | D:5      | Killed a sky beast
  5938 | D:5      | Reached skill level 1 in Fire Magic
  5938 | D:5      | Reached skill level 1 in Air Magic
  6142 | D:6      | Noticed a sky beast
  6163 | D:6      | Killed a sky beast
  6163 | D:6      | Acquired Sif Muna's first power
  6492 | D:6      | Noticed an ogre
  6502 | D:6      | Killed an ogre
  6502 | D:6      | Reached XP level 8. HP: 43/43 MP: 16/27
  6563 | D:7      | Found an iron altar of Okawaru.
  6659 | D:6      | Learned a level 5 spell: Venom Bolt
  6754 | D:6      | Reached skill level 8 in Spellcasting
  6754 | D:6      | Reached skill level 1 in Poison Magic
  6787 | D:6      | Noticed a slave
  6787 | D:6      | Noticed a slave
  6787 | D:6      | Noticed a slave
  6787 | D:6      | Noticed a slave
  6789 | D:6      | Noticed Pikel
  6792 | D:6      | Killed a slave
  6799 | D:6      | Killed Pikel
  6799 | D:6      | Acquired Sif Muna's second power
  6799 | D:6      | Reached skill level 5 in Conjurations
  6806 | D:6      | Killed a freed slave
  6896 | D:6      | Noticed Menkaure
  6910 | D:6      | Killed Menkaure
  7534 | D:7      | Found a glowing golden altar of the Shining One.
  7652 | D:7      | Noticed a two-headed ogre
  7666 | D:7      | Killed a two-headed ogre
  7666 | D:7      | Reached XP level 9. HP: 7/47 MP: 20/29
  7706 | D:7      | Reached skill level 9 in Spellcasting
  8186 | D:7      | Noticed a hog
  8186 | D:7      | Noticed a human
  8192 | D:7      | Killed a hog
  8214 | D:7      | Killed a human
  9065 | D:7      | Reached skill level 1 in Charms
  9169 | D:7      | Reached skill level 1 in Invocations
  9169 | D:7      | Reached skill level 1 in Evocations
  9866 | D:9      | Reached skill level 5 in Fire Magic
 10310 | D:8      | Noticed faibistes' ghost (experienced DEWz)
 10319 | D:8      | Killed faibistes' ghost
 10319 | D:8      | Reached XP level 10. HP: 47/53 MP: 21/31
 10449 | D:8      | Acquired Sif Muna's third power
 11144 | D:9      | Found an iron altar of Okawaru.
 11284 | D:8      | Reached skill level 10 in Spellcasting
 12413 | D:9      | Found Plutrasm's Jewellery Emporium.
 12794 | D:9      | Found a staircase to the Orcish Mines.
 13052 | D:10     | Entered Level 10 of the Dungeon
 13055 | D:10     | Found a staircase to the Lair.
 13116 | D:9      | Learned a level 4 spell: Summon Lightning Spire
 13121 | D:9      | Learned a level 4 spell: Summon Ice Beast
 13241 | D:10     | Noticed a cyclops
 13257 | D:10     | Killed a cyclops
 13375 | D:10     | Found Miqaish's Antique Armour Shop.
 13407 | D:10     | Bought a shadowed robe for 142 gold pieces
 13417 | D:10     | Identified the +2 robe of Buezishe {+Fly rPois rF- MR++ Str-2} (You bought it in a shop on level 10 of the Dungeon)
 13724 | D:9      | Reached skill level 5 in Air Magic
 14820 | D:10     | Reached XP level 11. HP: 50/59 MP: 19/32
 14987 | D:10     | Found a snail-covered altar of Cheibriados.
 15067 | D:10     | Noticed a hill giant
 15083 | D:10     | Killed a hill giant
 15083 | D:10     | Reached skill level 5 in Summonings
 15083 | D:10     | Reached skill level 1 in Ice Magic
 15602 | Lair:1   | Entered Level 1 of the Lair of Beasts
 15888 | Lair:1   | Reached skill level 5 in Invocations
 16973 | Lair:2   | Noticed a five-headed hydra
 16973 | Lair:2   | Noticed a six-headed hydra
 16994 | Lair:2   | Killed a five-headed hydra
 17105 | Lair:2   | Killed a six-headed hydra
 17105 | Lair:2   | Reached skill level 11 in Spellcasting
 17147 | Lair:2   | Noticed an eight-headed hydra
 17704 | Lair:2   | Received a gift from Sif Muna
 17704 | Lair:2   | Reached skill level 5 in Translocations
 17708 | Lair:2   | Identified Sif Muna's Tome of Aerial Battle Magic (Sif Muna gifted it to you on level 2 of the Lair of Beasts)
 17750 | Lair:2   | Killed an eight-headed hydra
 17750 | Lair:2   | Reached skill level 5 in Charms
 18541 | Lair:4   | Noticed a death yak
 18542 | Lair:4   | Noticed a death yak
 18544 | Lair:4   | Noticed a death yak
 18555 | Lair:4   | Killed a death yak
 18830 | Lair:3   | Noticed Rupert
 18838 | Lair:3   | Paralysed by Rupert for 7 turns
 18927 | Lair:3   | Paralysed by Rupert for 2 turns
 18939 | Lair:3   | Killed Rupert
 18939 | Lair:3   | Reached XP level 12. HP: 40/64 MP: 16/34
 19132 | Lair:4   | Killed a death yak
 19137 | Lair:4   | Killed a death yak
 19206 | Lair:3   | Noticed Harold
 19495 | Lair:3   | Killed Harold
 20917 | Lair:4   | Reached skill level 12 in Spellcasting
 20919 | Lair:4   | Reached skill level 5 in Evocations
 22543 | Lair:6   | Noticed a six-headed hydra
 23007 | D:9      | Bought the ring of Lyhaiz {+Inv MP+9 Int+3 Stlth-} for 544 gold pieces
 23467 | Lair:5   | Found a staircase to the Swamp.
 24191 | Lair:5   | Found a hole to the Spider Nest.
 24716 | Lair:7   | Noticed a five-headed hydra
 24721 | Lair:7   | Killed a five-headed hydra
 25200 | Lair:6   | Noticed a four-headed hydra
 25215 | Lair:6   | Killed a four-headed hydra
 25215 | Lair:6   | Received a gift from Sif Muna
 25216 | Lair:6   | Identified Sif Muna's Guide on Protection (Sif Muna gifted it to you on level 6 of the Lair of Beasts)
 25223 | Lair:6   | Learned a level 5 spell: Iskenderun's Battlesphere
 25533 | Lair:6   | Reached XP level 13. HP: 72/72 MP: 36/36
 25619 | Lair:6   | Killed a six-headed hydra
 25843 | Lair:6   | Found a viscous altar of Jiyva.
 25844 | Lair:6   | Found a staircase to the Slime Pits.
 27334 | Lair:7   | Reached skill level 13 in Spellcasting
 27746 | Lair:8   | Entered Level 8 of the Lair of Beasts
 28020 | Lair:7   | Learned a level 2 spell: Shroud of Golubria
 28421 | Lair:8   | Found a staircase to the Slime Pits.
 28436 | Lair:7   | Reached skill level 5 in Fighting
 29466 | Lair:7   | Killed from afar by a lindwurm

Action                   |  1- 3 |  4- 6 |  7- 9 | 10-12 | 13-15 || total
-------------------------+-------+-------+-------+-------+-------++-------
Melee: Dagger            |       |     2 |    22 |   109 |    10 ||   143
       Trident           |       |       |       |    13 |       ||    13
       Staff             |       |       |       |    10 |     4 ||    14
 Cast: Magic Dart        |    70 |   236 |   404 |   783 |   119 ||  1612
       Call Imp          |     5 |     1 |     1 |       |       ||     7
       Mephitic Cloud    |     2 |     9 |    28 |    39 |    19 ||    97
       Repel Missiles    |     1 |       |     1 |     2 |       ||     4
       Conjure Flame     |       |     6 |    30 |    76 |    17 ||   129
       Blink             |       |     3 |     7 |    26 |    11 ||    47
       Venom Bolt        |       |       |     1 |    79 |    44 ||   124
       Summon Lightning  |       |       |       |    17 |     4 ||    21
       Summon Ice Beast  |       |       |       |    84 |    40 ||   124
       Iskenderun's Batt |       |       |       |       |     2 ||     2
       Shroud of Golubri |       |       |       |       |     1 ||     1
Invok: Channel Energy    |       |       |     5 |    17 |     7 ||    29
Evoke: Wand              |       |       |     1 |    11 |     1 ||    13
  Use: Scroll            |       |     6 |     9 |    10 |     5 ||    30
       Potion            |       |     1 |     3 |     5 |       ||     9
 Stab: Confused          |       |       |     2 |       |     1 ||     3
  Eat: Chunk             |     1 |    12 |    14 |    46 |    12 ||    85
       Royal jelly       |       |       |     1 |       |       ||     1
       Fruit             |       |       |       |     9 |     4 ||    13
